 Dungeon Crawl Stone Soup version 0.26.1-2-gb8aa6d0cf2 (webtiles) character file.

Game seed: 1025164365058858880

521 ig87 the Firebug (level 7, -1/41 HPs)
             Began as a Gargoyle Fire Elementalist on Feb 16, 2021.
             Killed from afar by an orc wizard (5 damage)
             ... with a puff of flame
             ... on level 4 of the Dungeon.
             The game lasted 00:27:32 (5621 turns).

ig87 the Firebug (Gargoyle Fire Elementalist)       Turns: 5621, Time: 00:27:32

Health: -1/41      AC:  8    Str: 11    XL:     7   Next: 21%
Magic:  11/12      EV: 13    Int: 18    God:
Gold:   298        SH:  0    Dex: 10    Spells: 8/13 levels left

rFire    . . .     SeeInvis .   b - +0 club
rCold    . . .     Faith    .   (no shield)
rNeg     + . .     Spirit   .   a - +0 robe
rPois    ∞         Reflect  .   h - +0 helmet
rElec    +         Harm     .   f - +0 cloak
rCorr    .         Rampage  .   (no gloves)
Will     .....                  (no boots)
Stlth    ++........             j - amulet of the acrobat
HPRegen  0.13/turn              (no ring)
MPRegen  0.13/turn              (no ring)

@: no status effects
A: negative energy resistance 1, electricity resistance, unbreathing,
petrification resistance, miasma immunity, AC +4
a: no special abilities


You were on level 4 of the Dungeon.
You visited 1 branch of the dungeon, and saw 5 of its levels.

You collected 298 gold pieces.

Inventory:

Hand Weapons
 b - a +0 club (weapon)
Armour
 a - a +0 robe (worn)
 f - a +0 cloak (worn)
 h - a +0 helmet (worn)
Jewellery
 j - an amulet of the acrobat (around neck)
Scrolls
 d - a scroll of random uselessness {unknown}
 e - a scroll of fear {unknown}
 g - a scroll of enchant armour {unknown}
 i - 3 scrolls of identify {unknown}
 k - 3 scrolls of remove curse {unknown}
 l - a scroll of teleportation {unknown}
 m - a scroll of enchant weapon {unknown}
 n - a scroll of fog {unknown}
Potions
 c - a potion of heal wounds
 o - a potion of curing
 p - a potion of might {unknown}


   Skills:
 + Level 3.2 Fighting
 + Level 3.1 Dodging
 - Level 2.1 Stealth
 + Level 3.6 Spellcasting
 + Level 3.6 Conjurations
 + Level 4.3 Fire Magic


You had 8 spell levels left.
You knew the following spells:

 Your Spells              Type           Power        Failure   Level
a - Foxfire               Conj/Fire      68%          3%          1
b - Sticky Flame          Conj/Fire      17%          30%         4

Your spell library contained the following spells:

 Spells                   Type           Power        Failure   Level
 Conjure Flame            Conj/Fire      17%          9%          3
 Inner Flame              Hex/Fire       11%          19%         3
 Fireball                 Conj/Fire      8%           63%         5


Dungeon Overview and Level Annotations

Branches:
Dungeon (5/15)
 Temple: D:4-7

Altars:
Ashenzari
Cheibriados
Dithmenos
Nemelex Xobeh
Okawaru
Trog
Xom

Shops:
D:4 !*


Innate Abilities, Weirdness & Mutations

You are resistant to torment.
Your stone body is resilient. (AC +4)
You are immune to poison.
You resist negative energy. (rN+)
You are resistant to electric shocks. (rElec)
You can survive without breathing.
You are immune to petrification.
You are immune to miasma.


Message History

The magic dart hits you.
* * * LOW HITPOINT WARNING * * *
The orc wizard casts a spell at you. The magic dart hits you.
* * * LOW HITPOINT WARNING * * *
The orc wizard casts a spell at you. The magic dart hits you.
* * * LOW HITPOINT WARNING * * *
The orc wizard completely misses you.
The orc wizard gestures at you while chanting.
The puff of flame misses you.
You feel less confused.
The orc wizard points at you and mumbles some strange words.
You resist with some effort.
Casting: Foxfire (safe; 3% risk of failure)
Confirm with . or Enter, or press ? or * to list all spells.
You conjure some foxfire!
The orc wizard casts a spell at you. The puff of flame hits you.
You die...

...............###......(.#......
##############^...........)......
#.###.....#.##...... #.#
#.....#.##...... #.#
#.....#.##......
#.###.....#.##......
#.#.....###.###.####
#.#v.....<#.# #.#
#>.@....###.###.#
#.ov............#
####.#####..##.###.#
#########................#.#
#.......#.....§.###..#.#.#.#
#.#####.#.......#......#.#.# #.#
#.........#.##..##.#.#### #.#
###.......#.###.##....... #.#
#####.......#.# #..#.......


You could see an orc wizard.

Vanquished Creatures
  An orc warrior (D:4)
  3 orc priests
  A gnoll shaman (D:4)
  An orc wizard (D:3)
  An iguana (D:4)
  3 worker ants (D:4)
  3 gnolls (D:4)
  3 adders (D:4)
  2 oozes
  2 adder skeletons (D:4)
  6 worms
  A dart slug (D:4)
  2 leopard geckos
  9 orcs
  3 ball pythons
  6 bats
  5 giant cockroaches
  9 goblins
  16 hobgoblins
  A quokka (D:3)
  3 frilled lizards
  3 kobolds (D:1)
  6 rats
90 creatures vanquished.

Vanquished Creatures (others)
  308 foxfires
308 creatures vanquished.

Grand Total: 398 creatures vanquished

Notes
Turn   | Place    | Note
-------+----------+-------------------------------------------
     0 | D:1      | ig87 the Gargoyle Fire Elementalist began the quest for the
                  | Orb.
     0 | D:1      | Reached XP level 1. HP: 10/10 MP: 3/3
   458 | D:1      | Reached XP level 2. HP: 16/16 MP: 3/5
  1188 | D:2      | Reached skill level 1 in Fighting
  1188 | D:2      | Reached XP level 3. HP: 20/20 MP: 1/6
  1624 | D:2      | Found a shadowy altar of Dithmenos.
  1624 | D:2      | Found a sparkling altar of Nemelex Xobeh.
  1625 | D:2      | Found a snail-covered altar of Cheibriados.
  2290 | D:3      | Reached XP level 4. HP: 25/25 MP: 5/7
  2467 | D:3      | Found a shimmering altar of Xom.
  3040 | D:3      | Reached XP level 5. HP: 30/30 MP: 4/9
  3091 | D:3      | Found an iron altar of Okawaru.
  3307 | D:3      | Found a bloodstained altar of Trog.
  3574 | D:4      | Learned a level 4 spell: Sticky Flame
  3822 | D:4      | Noticed an orc warrior
  4115 | D:4      | Killed an orc warrior
  4116 | D:4      | Reached skill level 4 in Fire Magic
  4116 | D:4      | Reached XP level 6. HP: 28/36 MP: 1/10
  4661 | D:4      | Found a broken altar of Ashenzari.
  4687 | D:4      | Reached XP level 7. HP: 38/41 MP: 5/12
  4900 | D:4      | Found Jufoa's Distillery.
  5482 | D:4      | Found Washryrph's Mass Market.
  5540 | D:5      | Entered Level 5 of the Dungeon
  5621 | D:4      | Killed from afar by an orc wizard

Illustrated notes

Levels and vault maps discovered:
D:1:      lightli_arrival_lavapool, layout_loops_cross
D:2:      cheibrodos_greedy_goblins, layout_basic,
          chequers_temple_overflow_statue_of_worship,
          chequers_serial_rivers_small_a
D:3:      layout_basic, lemuel_doored_altar, lemuel_round_altar,
          okawaru_ov_weapons_minmay
D:4:      layout_basic, nicolae_ashenzari_panopticon, serial_shops,
          nicolae_shop_waterfront, minmay_shop_mass, guppyfry_early_orc_mine
D:5:      layout_loops_ring, kennysheep_vampire_church, minmay_statues_item,
          chequers_jeans

Skill      XL: |  1  2  3  4  5  6 |
---------------+-------------------+-----
Fighting       | 1 2 3 |  3.2
Dodging        | 2 3 |  3.1
Conjurations   | 2 3 |  3.6
Spellcasting   | 3 |  3.6
Fire Magic     | 4 |  4.3
Stealth        | |  2.1

Action                   |  1- 3 |  4- 6 |  7- 9 || total
-------------------------+-------+-------+-------++-------
Melee: Unarmed           |     6 |       |       ||     6
       Club              |    40 |    63 |    88 ||   191
 Cast: Foxfire           |    57 |   108 |    18 ||   183
  Use: Potion            |     2 |     4 |       ||     6
 Stab: Sleeping          |     2 |       |     2 ||     4
Armor: Robe              |    19 |    36 |    50 ||   105
Dodge: Dodged            |    42 |    62 |    66 ||   170
